Cogmind - Beta 11.1 @@@ ROGUE MODE // 2022.08.01 @ 20:08:11 Player: Hugon2010 Result: Destroyed by as-44167 with Assembled Rifle Performance ------------- Evolutions (0) 0 Regions Visited (2) 400 Robots Destroyed (7) 35 Value Destroyed (194) 194 Prototype IDs (0) 0 Alien Tech Used (0) 0 Bonus (0) 0 TOTAL SCORE: 629 Bonus ------- None Cogmind --------- Core Integrity 0/250 Matter 277/300 Energy 124/125 System Corruption 8% Temperature Cool (0) Movement Core (50) Location -10/Mines Parts ------- > --- POWER (1) -------- Light Ion Engine > --- PROPULSION (2) --- (None) > --- UTILITY (2) ------ (None) > --- WEAPON (2) ------- (None) > --- INVENTORY (5) ---- High-capacity Battery (250) Peak State ------------ > --- POWER ------------ Light Nuclear Core > --- PROPULSION ------- Aluminum Leg Aluminum Leg > --- UTILITY ---------- Heat Sink High-capacity Battery > --- WEAPON ----------- Light Assault Rifle Grenade Launcher > --- INVENTORY -------- Light Ion Engine High-capacity Battery Light Assault Rifle [Rating: 9] Favorites ----------- Power Light Ion Engine Engine Light Ion Engine Power Core Light Nuclear Core Propulsion Aluminum Leg Leg Aluminum Leg Utility High-capacity Battery Device Heat Sink Storage High-capacity Battery Weapon Light Assault Rifle Ballistic Gun Light Assault Rifle Launcher Grenade Launcher Build | -11 -10 -10 ------- Run | Scr Mat Min Slots Evolved . | . . . Power . | . . . Propulsion . | . . . Utility . | . . . Weapon . | . . . Parts Attached 11 | 5 4 2 Power 3 | 1 1 1 Engine 2 | 1 . 1 Core 1 | . 1 . Reactor . | . . . Propulsion 2 | 2 . . Treads . | . . . Leg 2 | 2 . . Wheel . | . . . Hover . | . . . Flight . | . . . Utility 2 | . 2 . Device 1 | . 1 . Storage 1 | . 1 . Processor . | . . . Hackware . | . . . Protection . | . . . Artifact . | . . . Weapon 4 | 2 1 1 Energy Gun . | . . . Energy Cannon . | . . . Ballistic Gun 3 | 2 . 1 Ballistic Cannon . | . . . Launcher 1 | . 1 . Special Weapon . | . . . Impact Weapon . | . . . Slashing Weapon . | . . . Piercing Weapon . | . . . Special Melee Weapon . | . . . Unidentified Prototypes . | . . . Parts Lost 8 | . . 8 Power 1 | . . 1 Propulsion 2 | . . 2 Utility 2 | . . 2 Weapon 3 | . . 3 Highest Loss Streak 8 | . . 8 To Critical Strikes . | . . . Average Slot Usage (%) 63 | . 75 33 Engine 6 | . 8 1 Core 4 | . 5 1 Leg 23 | . 28 12 Device 2 | . 2 1 Storage 3 | . 1 7 Ballistic Gun 12 | . 14 5 Launcher 10 | . 13 3 Naked Turns 33 | . . 33 Heaviest Build 14 | 5 14 14 Greatest Support 20 | 20 20 20 Greatest Overweight (x) . | . . . Average Overweight (x) . | . . . Largest Inventory Capacity 5 | 5 5 5 Average Capacity 5 | 5 5 5 Most Carried 4 | . 4 3 Average Carried 1 | . 1 2 Final Capacity 5 | 5 5 5 Final Carried 3 | . 3 1 Class Distribution -------------------- 100% | Mutant Dominant Class ---------------- Mutant | -10/Materials Mutant | -10/Mines Resources | -11 -10 -10 ----------- Run | Scr Mat Min Matter Collected 326 | 260 66 . Remotely . | . . . Salvage Created 251 | 50 195 6 Parts 16 | 2 14 . Haulers Intercepted . | . . . Recyclers Shooed . | . . . Parts Field Recycled . | . . . Retrieved Matter . | . . . Parts Self-Destructed . | . . . Prevented . | . . . Kills | -11 -10 -10 ------- Run | Scr Mat Min Combat Hostiles Destroyed 8 | 1 4 3 Guns 3 | 1 2 . AOE 5 | . 2 3 Classes Destroyed 4 | 1 2 1 Builder 1 | . 1 . Recycler 1 | . 1 . Grunt 5 | 1 4 . Assembled 3 | . . 3 Best Kill Streak 3 | 1 3 3 Combat Bots Only 3 | 1 2 3 Max Kills in Single Turn 2 | 1 2 2 Gunslinging . | . . . Exploded 2 | . 1 2 Melee . | . . . Uniques/NPCs Destroyed . | . . . Combat | -11 -10 -10 -------- Run | Scr Mat Min Damage Taken 821 | 58 146 617 Core 252 | 12 12 228 Absorbed by Shields . | . . . Core Remaining (%) 95 | 95 . . Volleys Fired 22 | 5 13 4 Largest 2 | 2 1 2 Hottest 50 | 40 30 50 Shots Fired 28 | 10 13 5 Gun 23 | 10 10 3 Cannon . | . . . Launcher 5 | . 3 2 Special . | . . . Kinetic 23 | 10 10 3 Thermal . | . . . Explosive 5 | . 3 2 Electromagnetic . | . . . Robot Hit Streak 4 | 4 3 3 Robot Miss Streak 2 | 1 2 1 Penetration Max . | . . . Secondary Targets . | . . . Shots Hit Robots 17 | 7 7 3 Core Hits 33 | 3 10 20 Critical Kills . | . . . Critical Parts Destroyed . | . . . Critical Strikes . | . . . Melee Attacks . | . . . Impact . | . . . Slashing . | . . . Piercing . | . . . Sneak Attacks . | . . . Combat Hostiles . | . . . Follow-up Attacks . | . . . Damage Inflicted 950 | 64 355 531 Guns 137 | 64 51 22 Cannons . | . . . Explosions 810 | . 301 509 Melee . | . . . Ramming 3 | . 3 . Kinetic 137 | 64 51 22 Thermal . | . . . Explosive 810 | . 301 509 Electromagnetic . | . . . Impact . | . . . Slashing . | . . . Piercing . | . . . Highest Corruption 8 | . . 8 Average Corruption 7 | . . 7 Corruption Purged . | . . . Corruption Blocked . | . . . Effects 3 | . . 3 Message Errors 1 | . . 1 Matter Fused 1 | . . 1 Data Loss (minor) 1 | . . 1 Overload Shots . | . . . Overflow Damage . | . . . Projectiles . | . . . Explosions . | . . . Melee . | . . . Knockbacks . | . . . Impact . | . . . Kinetic . | . . . Secondary . | . . . Self-Inflicted Damage 64 | . 24 40 Shots 2 | . 1 1 Rammed . | . . . Targets Rammed 1 | . 1 . Kicked 1 | . 1 . Crushed . | . . . Highest Temperature 15 | 6 10 15 Average Temperature 5 | 6 4 15 Received Heat Transfer 264 | 30 54 180 Siege Activations . | . . . Robots Corrupted . | . . . Combat Hostiles . | . . . Parts Fried . | . . . Impact Corruptions . | . . . Robots Melted . | . . . Combat Hostiles . | . . . Parts Melted . | . . . Heat Transferred . | . . . Parts Sabotaged . | . . . Parts Stolen . | . . . Parts Stripped . | . . . Power Chain Reactions . | . . . Missiles Intercepted . | . . . Alert | -11 -10 -10 ------- Run | Scr Mat Min Peak Influence 192 | 20 192 85 Initial 74 | . 13 74 Average 57 | 2 94 52 Maximum Alert Level . | . . . Low Security (%) 100 | 100 100 100 Level 1 . | . . . Level 2 . | . . . Level 3 . | . . . Level 4 . | . . . Level 5 . | . . . High Security . | . . . Max Security . | . . . Squads Dispatched 1 | . 1 . Investigation . | . . . Extermination . | . . . Reinforcement 1 | . 1 . Assault . | . . . Garrison . | . . . Intercept . | . . . Searches Triggered . | . . . Construction Impeded . | . . . Haulers Reinforced . | . . . Active Scanning Responses . | . . . Cargo Convoy Interrupts . | . . . Stealth | -11 -10 -10 --------- Run | Scr Mat Min Distress Signals 1 | . 1 . Communications Jammed . | . . . Distress Signals . | . . . Times Spotted 39 | 1 12 26 Peak Tracking Total 20 | 1 4 20 Tactical Retreats 2 | . . 2 Traps | -11 -10 -10 ------- Run | Scr Mat Min Traps Triggered . | . . . Indirectly . | . . . Trap Hack Attempts . | . . . Triggered . | . . . Disarmed . | . . . Reprogrammed . | . . . Reused . | . . . Traps Extracted . | . . . Installed . | . . . Triggered . | . . . Machines | -11 -10 -10 ---------- Run | Scr Mat Min Machines Disabled . | . . . Max in Single Turn . | . . . Machines Sabotaged . | . . . Garrisons Compromised . | . . . Overloaded Fab Kills . | . . . Hacking | -11 -10 -10 --------- Run | Scr Mat Min Machines Accessed . | . . . Terminals . | . . . Fabricators . | . . . Repair Stations . | . . . Recycling Units . | . . . Scanalyzers . | . . . Garrison Access . | . . . Total Hacks . | . . . Successful . | . . . Failed . | . . . Catastrophic . | . . . Database Lockouts . | . . . Manual . | . . . Terminals . | . . . Fabricators . | . . . Repair Stations . | . . . Recycling Units . | . . . Scanalyzers . | . . . Garrison Access . | . . . Terminal Hacks . | . . . Fabricator Hacks . | . . . Repair Station Hacks . | . . . Recycling Unit Hacks . | . . . Scanalyzer . | . . . Garrison Access Hacks . | . . . Unauthorized Hacks . | . . . Terminals . | . . . Fabricators . | . . . Repair Stations . | . . . Recycling Units . | . . . Scanalyzers . | . . . Garrison Access . | . . . Data Cores Recovered . | . . . Used . | . . . Hacking Detections . | . . . Full Trace Events . | . . . Feedback Events . | . . . Feedback Blocked . | . . . Robot Schematics Acquired . | . . . Robots Built . | . . . Authchips . | . . . Time . | . . . Total Robot Build Rating . | . . . Part Schematics Acquired . | . . . Parts Built . | . . . Authchips . | . . . Time . | . . . Total Part Build Rating . | . . . Parts Repaired . | . . . Time . | . . . Parts Recycled . | . . . Recycled Matter . | . . . Retrieved Matter . | . . . Retrieved Components . | . . . Parts Scanalyzed . | . . . Part Schematics Acquired . | . . . Parts Damaged . | . . . Bothacking | -11 -10 -10 ------------ Run | Scr Mat Min Used RIF Installer . | . . . Robots Hacked . | . . . Non-combat . | . . . Combat . | . . . Robot Hacks Applied . | . . . Relay Couplers Released . | . . . Fabnet Peak Effective % . | . . . Robots Rewired . | . . . Allies Hacked . | . . . Hacks Repelled . | . . . Allies | -11 -10 -10 -------- Run | Scr Mat Min Total Allies . | . . . Largest Group . | . . . Highest-Rated Group . | . . . Highest-Rated Ally . | . . . Total Orders . | . . . Ally Attacks . | . . . Total Damage . | . . . Kills . | . . . Allies Corrupted . | . . . Allies Melted . | . . . Intel | -11 -10 -10 ------- Run | Scr Mat Min Robot Analysis Total . | . . . Derelict Logs Recovered . | . . . Drone Launches . | . . . Drone Recoveries . | . . . Exploration | -11 -10 -10 ------------- Run | Scr Mat Min Turns Passed 412 | 133 204 75 Spaces Moved 355 | 113 140 102 Core 115 | 32 . 83 Treads . | . . . Legs 240 | 81 140 19 Wheels . | . . . Hover . | . . . Flight . | . . . Fastest Speed 50 | 50 120 50 Average Speed 97 | 100 120 63 Slowest Speed 120 | 120 120 120 Overloaded Moves . | . . . Propulsion Burnouts . | . . . Robots Hopped . | . . . Cave-ins Triggered . | . . . Exploration Rate (%) 19 | 6 24 28 Regions Visited 2 Branch Regions 1 Pre-discovered Areas . | . . . Known Exits Taken . | . . . Unknown Exits Taken 2 | 1 1 . Scrap Searched . | . . . Spaces Dug . | . . . Terrain Destroyed 30 | . 20 10 Melee . | . . . Projectile . | . . . AOE 30 | . 20 10 Terrain Rammed . | . . . Walls Destroyed . | . . . Machines Disabled . | . . . Actions | -11 -10 -10 --------- Run | Scr Mat Min Total 394 | 122 164 108 Wait . | . . . Move 353 | 112 139 102 Hop . | . . . Pick Up 6 | . 6 . Fast Attach 5 | 5 . . Attach 4 | . 2 2 Detach . | . . . Swap 2 | . 2 . Drop 1 | . 1 . Fire 22 | 5 13 4 Melee . | . . . Ram . | . . . Kick 1 | . 1 . Crush . | . . . Escape Stasis . | . . . Rewire . | . . . Trap . | . . . Miscellaneous . | . . . Route ------- -11/Scrapyard -10/Materials -10/Mines History --------- Turn | Location | Event 2 | -11/Scrapyard | Met Revision 17 97 | -11/Scrapyard | Discovered new exit (range 8) 134 | -11/Scrapyard | Entered Materials 304 | -10/Materials | Discovered new exit (range 14) 335 | -10/Materials | Build established: Mutant 338 | -10/Materials | Entered Mines 339 | -10/Mines | Assembled infested the area 362 | -10/Mines | Core integrity fell below 50% 401 | -10/Mines | Lost 8 parts (1p2n2u3w) 408 | -10/Mines | Core integrity fell below 20% 413 | -10/Mines | Destroyed by as-44167 with Assembled Rifle Last Messages --------------- as-06166 destroyed. as-99263 destroyed. [Achievement: Let's See Who's Tougher] as-97127 destroyed. Destroyed Asb. Hover Unit. as-95482 destroyed. Lgt. Assault Rifle destroyed. System corrupted by crushing effect (+4). Knocked back. Grenade Launcher destroyed. Destroyed Asb. Hover Unit. System corrupted: Matter fused (-10). as-93177 destroyed. Lgt. Assault Rifle destroyed. Aluminum Leg destroyed. Hcp. Battery destroyed. X X#SAU2DS3ZEKXP/LWRW|XT V:E 41DD,6W LQ K-01 Serf collects debris. as-52882 destroyed. System corrupted: Component data lost. Map ----- +----------------------------------------------------+ | ?????????????????????????????????????????????????? | | ?????????????????????????????????????????????????? | | ?????????????????????????????????????????????????? | | ?????????????????????????????????????????????????? | | ?????????????????????????????????????????????????? | | ?????????????????????????????????????????????????? | | ?????????????????????????????????????????????????? | | ?????????????????????????????????????????????????? | | ?????????????????????????????????????????????????? | | ?????????????????????????????????????????????????? | | ?????????????????????????????????????????????????? | | ????????????????????? ???????????????????????????? | | ???????????????????? #??????????????????????????? | | ??????????# ? ????# #??????????????????????????? | | ???????## # # ????# #??????????????????????????? | | ???????# # ????# ??????????????????????????? | | ???????# # #???# #??????????????????????????? | | ???????# # ????# ##?????????????????????????? | | ?#####??# # #??## ##????????????????????????? | | ## #### % ???# #??????????? #???????????? | | # ## # #??# #????????? #???????????? | | #?# % %##### #???#???? #????????????? | | ### ## ##? #?? #?????????????? | | ##% ## ## ## ##????????????? | | #????????????? | | a @ #???????????? | | ### ##### #???????????? | | #?## ### #?????????????????????? | | #??####< ##?## ##?????????????????????? | | ###???## ##??#####??????????????????????? | | #????## #?????????????????????????????? | | #???## #?????????????????????????????? | | #???# #?????????????????????????????? | | ##???# #?????????????????????????????? | | ###????# ##?????????????????????????????? | | ##??????# ##??????????????????????????????? | | #???????## #???????????????????????????????? | | ?????????# #???????????????????????????????? | | ??????#### ##???????????????????????????????? | | ??????# ##????????????????????????????????? | | ####### ### ##?????????????????????????????????? | | #?# #??????????????????????????????????? | | ###### #?# #??????????????????????????????????? | | #????# #?## ##??????????????????????????????????? | | #????# #??###???????????????????????????????????? | | ##???# ##???????????????????????????????????????? | | #??## ######### #?????????????????????????????? | | #?## #?????????????????????????????? | | ### #?????????????????????????????? | | #########?????????????????????????????? | +----------------------------------------------------+ Best States ------------- Heat Dissipation 35 Energy Generation 14 Energy Capacity 410 Matter Stores 300 Matter Capacity 300 Sight Range 16 Terrain Scan Density 10 Evasion (%) 55 Item Schematics ----------------- None Robot Schematics ------------------ None Fabricated ------------ Nothing Alien Tech Used ----------------- None Achievements -------------- Hunted Let's See Who's Tougher Challenges ------------ None Game ------ Seed RemoteMatterPod Manual? 0 Play Time 00:11:31 Cumulative 1.0 hours Start 2022.08.01 @ 19:58:10 End 2022.08.01 @ 20:08:11 Sessions 1 Manual Loads 0 Difficulty Rogue Special Mode None Game No. 3 Rogue 3 Adventurer 0 Explorer 0 Win Type - Total 0 Types 0/0/0/0/0/0/0/0/0 Lore% 0 Gallery% 1 Achievement% 2 Wizard Run 0 Options --------- ASCII 0 Keyboard 0 Movement Arrows Keybinds 0 Fullscreen 1 Font 18/SmallcapsGlow Map View 76x50 Tactical HUD 0 Map Filters NONE Filters NONE Steam 1 RUN: 1bbe68fb-edce-43b4-b9ca-660dd7c85470